 Dungeon Crawl Stone Soup version 0.30-a0-1085-g990a428a5c (webtiles) character file.

Game seed: 13793631177117278067

2496 cheesebisquit the Thaumaturge (level 9, -6/55 HPs)
             Began as a Djinni Fire Elementalist on Apr 16, 2023.
             Was an Initiate of Ashenzari.
             Mangled by a gnoll
             ... wielding a +0 flail
              (10 damage)
             ... on level 6 of the Dungeon.
             The game lasted 00:18:19 (6021 turns).

cheesebisquit the Thaumaturge (DjFE)                Turns: 6021, Time: 00:18:19

Health: -6/55      AC:  5    Str:  7    XL:     9   Next: 82%
Gold:   163        EV: 12    Int: 21    God:    Ashenzari [......] SH:  0 Dex: 14

rFire   + + .      SeeInvis .    a - +4 scythe (freeze)
rCold   x x .      Faith    .    (shield currently unavailable)
rNeg    . . .      Spirit   .    x - +2 robe "Share My Malaise" {Will+, Self, Melee} (curse)
rPois   ∞          Reflect  .    (helmet restricted)
rElec   .          Rampage  .    (no cloak)
rCorr   .                        n - +0 pair of gloves
Will    +....                    (boots unavailable)
Stlth   ++                       (no amulet)
HPRegen 0.29/turn                (no ring)
MPRegen 0.00/turn                (no ring)

@: flying
A: sickness immunity, fire resistance 2, cold vulnerability 2, float, innate
caster, HP casting, extra vitality 1, antennae 1
a: Renounce Religion, Shatter the Chains


You were on level 6 of the Dungeon.
You worshipped Ashenzari.
Ashenzari was noncommittal.
You visited 2 branches of the dungeon, and saw 7 of its levels.
You also visited: Ossuary.

You collected 163 gold pieces.

Inventory:

Hand Weapons
 a - a +4 scythe of freezing (weapon)
 i - a +5 hand axe of freezing
 p - a +2 vampiric dagger
Armour
 n - a +0 pair of gloves (worn)
 x - the cursed +2 robe "Share My Malaise" (worn) {Will+, Self, Melee}
   (You took it off Blork the orc on level 5 of the Dungeon)

   It has a curse which improves the following skills: Introspection: Fighting
   and Spellcasting.
   Melee Combat: Short Blades, Long Blades, Axes, Maces & Flails, Polearms,
   Staves and Unarmed Combat.
Scrolls
 c - a scroll of brand weapon {unknown}
 d - a scroll of vulnerability {unknown}
 f - 3 scrolls of identify {unknown}
 g - 2 scrolls of fog {unknown}
 j - 2 scrolls of teleportation {unknown}
 k - 2 scrolls of silence {unknown}
 o - 4 scrolls of enchant weapon {unknown}
 q - 2 scrolls of torment {unknown}
 r - 2 scrolls of blinking {unknown}
 y - a scroll of amnesia {unknown}
Potions
 b - 3 potions of lignification
 e - a potion of cancellation {unknown}
 h - 2 potions of attraction {unknown}
 l - a potion of berserk rage {unknown}
 m - 2 potions of mutation
 s - a potion of ambrosia {unknown}
 t - a potion of magic {unknown}
 u - 2 potions of might {unknown}
 v - 2 potions of brilliance {unknown}


   Skills:
 - Level 2.1 Dodging
 - Level 1.5 Stealth
 + Level 10.1(10.4) Spellcasting


You knew the following spells:

 Your Spells              Type           Power      Damage    Failure   Level
a - Foxfire               Conj/Fire      100%       2x1d9     1%          1
b - Static Discharge      Conj/Air       100%       2-7/arc   1%          2
c - Volatile Blastmotes   Fire/Tloc      100%       2d18      1%          3
d - Inner Flame           Hex/Fire       53%        N/A       1%          3
e - Flame Wave            Conj/Fire      53%        2d13      1%          4
f - Slow                  Hex            100%       N/A       1%          1
g - Vampiric Draining     Necr           53%        2d9       1%          3
h - Call Canine Familiar  Summ           53%        N/A       1%          3
z - Scorch                Fire           100%       2d9       1%          2
Your spell library was empty.

Dungeon Overview and Level Annotations

Branches:
Dungeon (6/15)             Temple (1/1) D:4         Ossuary (visited)

Altars:
Ashenzari
Cheibriados
Dithmenos
Fedhas
Gozag
Hepliaklqana
Nemelex Xobeh
Okawaru
Ru
Trog
Uskayaw
Wu Jian
Xom
Yredelemnul
The Shining One


Innate Abilities, Weirdness & Mutations

You are immune to sickness and miasma.
You are immune to poison.
Your flesh is very heat resistant. (rF++)
You are very vulnerable to cold. (rC--)
You float through the air rather than walking.
You learn spells naturally, not from books.
Your magical power is your life essence.
You have superior vitality. (+4 MHP)
You have a pair of small antennae on your head.


Message History

You feel better.
Casting: Foxfire (safe; 1% risk of failure)
Press: ? - help, Q - select action, (/) - cycle Dir - look around, f - activate You conjure some foxfire!
* * * LOW HITPOINT WARNING * * *
Casting: Foxfire (safe; 1% risk of failure)
Confirm with . or Enter, or press ? or * to list all spells.
Flames lash the gnoll.
The gnoll is heavily wounded.
The gnoll's fire resistance burns away.
* * * LOW HITPOINT WARNING * * *
The foxfire hits the gnoll but does no damage.
The foxfire hits the gnoll.
The gnoll is moderately wounded.
Casting: Foxfire (safe; 1% risk of failure)
Press: ? - help, Q - select action, (/) - cycle Dir - look around, f - activate You conjure some foxfire!
* * * LOW HITPOINT WARNING * * *
The gnoll hits you with a +0 club.
* * * LOW HITPOINT WARNING * * *
Casting: Foxfire (safe; 1% risk of failure)
Confirm with . or Enter, or press ? or * to list all spells.
Flames lash the gnoll.
The gnoll is moderately wounded.
The gnoll's fire resistance burns away.
* * * LOW HITPOINT WARNING * * *
The gnoll is no longer more vulnerable to fire.
The foxfire hits the gnoll but does no damage.
The gnoll is heavily wounded.
The foxfire hits the gnoll.
The gnoll is burned terribly!
The gnoll is heavily wounded.
The gnoll hits you but does no damage.
Casting: Foxfire (safe; 1% risk of failure)
Press: ? - help, Q - select action, (/) - cycle Dir - look around, f - activate You conjure some foxfire!
* * * LOW HITPOINT WARNING * * *
The gnoll hits you with a +0 club.
* * * LOW HITPOINT WARNING * * *
The gnoll hits you with a +0 flail!
You die...

.... .... .... #....$
... ....## ...... ...
.....####.....# .)..
..............## .....
###............## #.....
.#..............##))....
.....#...........g..#
##..........##.v@))#
.....##.....##.v)g.##
......#.....†#......#
.....................#
.............!.........
........................
........................
...##......##.#.....(...
#.##.................


You could see 2 gnolls.

Vanquished Creatures
  Pikel (D:5)
  Sigmund (D:5)
  5 ogres
  3 lemures (D:5)
  2 phantoms
  A scorpion (D:4)
  Blork the orc (D:5)
  2 gnoll sergeants (D:6)
  3 water moccasin zombies (Ossuary)
  4 wights (D:5)
  A hound (D:6)
  2 jellies
  An orc priest (D:5)
  A sleepcap (D:4)
  8 orc wizards
  2 mummies (Ossuary)
  15 gnolls
  8 adders
  2 white imps
  4 adder zombies (Ossuary)
  3 dart slugs
  12 orcs
  6 ball pythons
  An endoplasm (D:1)
  A giant cockroach (D:1)
  8 goblins
  6 hobgoblins
  7 jackals
  3 quokkas
  4 bats
  2 frilled lizards
  4 gnoll zombies (Ossuary)
  A hobgoblin zombie (Ossuary)
  4 kobolds
  8 kobold zombies (Ossuary)
  7 orc zombies (Ossuary)
  7 rats
151 creatures vanquished.

Vanquished Creatures (collateral kills)
  2 foxfires (Ossuary)
2 creatures vanquished.

Vanquished Creatures (others)
  379 foxfires
379 creatures vanquished.

Grand Total: 532 creatures vanquished

Notes
Turn   | Place    | Note
-------+----------+-------------------------------------------
     0 | D:1      | cheesebisquit the Djinni Fire Elementalist began the quest
                  | for the Orb.
     0 | D:1      | cheesebisquit set off with the following spells memorised:
                  | Foxfire, Scorch, Volatile Blastmotes, Inner Flame, Flame
                  | Wave.
     0 | D:1      | Reached XP level 1. HP: 15/15 MP: 0/0
   316 | D:1      | Reached XP level 2. HP: 21/21 MP: 0/0
   426 | D:1      | Reached skill level 3 in Spellcasting
   684 | D:1      | Reached XP level 3. HP: 22/25 MP: 0/0
   684 | D:1      | Learned a level 1 spell: Slow
  1261 | D:2      | Reached XP level 4. HP: 31/31 MP: 0/0
  2252 | D:3      | Reached skill level 4 in Spellcasting
  2418 | D:3      | Reached XP level 5. HP: 34/35 MP: 0/0
  2418 | D:3      | Learned a level 2 spell: Static Discharge
  2814 | D:4      | Noticed an ogre
  2854 | D:4      | Reached XP level 6. HP: 30/40 MP: 0/0
  3013 | D:4      | Reached skill level 5 in Spellcasting
  3035 | D:4      | Found a sand-covered staircase.
  3046 | Ossuary  | Entered an ossuary
  3110 | Ossuary  | Reached XP level 7. HP: 10/45 MP: 0/0
  3110 | Ossuary  | Learned a level 3 spell: Vampiric Draining
  3522 | Ossuary  | Reached skill level 6 in Spellcasting
  4036 | D:4      | Found a staircase to the Ecumenical Temple.
  4059 | Temple   | Entered the Ecumenical Temple
  4289 | Temple   | Became a worshipper of Ashenzari the Shackled
  4517 | D:5      | Entered Level 5 of the Dungeon
  4525 | D:5      | Reached XP level 8. HP: 3/50 MP: 0/0
  4525 | D:5      | Gained mutation: You have a pair of small antennae on your
                  | head. [potion of mutation]
  4525 | D:5      | Gained mutation: You are very vulnerable to cold. (rC--)
                  | [potion of mutation]
  4525 | D:5      | Gained mutation: Your spells are a little easier to cast,
                  | but a little less powerful. [potion of mutation]
  4525 | D:5      | Lost mutation: Your spells are a little easier to cast, but
                  | a little less powerful. [potion of mutation]
  4530 | D:5      | Reached skill level 7 in Spellcasting
  4777 | D:5      | Noticed Blork the orc
  4781 | D:5      | Killed Blork the orc
  4996 | D:5      | Noticed Sigmund
  5002 | D:5      | Killed Sigmund
  5003 | D:5      | Reached skill level 8 in Spellcasting
  5122 | D:5      | Reached XP level 9. HP: 40/55 MP: 0/0
  5122 | D:5      | Learned a level 3 spell: Call Canine Familiar
  5330 | D:5      | Found a sacrificial altar of Ru.
  5494 | D:5      | Reached skill level 9 in Spellcasting
  5576 | D:5      | Noticed Pikel
  5588 | D:5      | Killed Pikel
  5998 | D:6      | Reached skill level 10 in Spellcasting
  6021 | D:6      | Mangled by a gnoll

Illustrated notes

Levels and vault maps discovered:
D:1:      dpeg_arrival_concentric_ovals, layout_loops_corners,
          serial_park_tiny_1
D:2:      layout_basic, serial_co_window_serial, co_window_paths_a,
          co_window_corner_a, co_window_paths_a, co_window_paths_b,
          co_window_corner_a, co_window_broadway_c, co_window_broadway_c,
          co_window_corner_b, co_window_paths_c, co_window_cross_4,
          co_window_corner_ca, co_window_corner_cb, glass_columns_b,
          glass_columns_c, glass_columns_a, serial_bayou_pond_a,
          reono_crystal_passage
D:3:      layout_basic, nicolae_sif_muna_condensation
D:4:      layout_loops_ring, minmay_temple_entry_grid, enter_ossuary_1
D:5:      layout_loops_cross, nicolae_ru_great_annihilating_truth,
          uniq_blork_the_orc, uniq_sigmund, uniq_pikel
D:6:      layout_cave_pools, serial_gnoll_camp, grums_kennel,
          gnoll_camp_huts_basic, gnoll_camp_mini_sergeant,
          gnoll_camp_mini_basic, gnoll_camp_mini_hut
Temple:   nicolae_temple_bog_church

Skill      XL: |  1  2  3  4  5  6  7  8  9 |
---------------+----------------------------+-----
Spellcasting   | 3 4 5 6 8 10 | 10.1
Dodging        | |  2.1
Stealth        | |  1.5

Action                     |  1- 3 |  4- 6 |  7- 9 || total
---------------------------+-------+-------+-------++-------
  Melee: Unarmed           |     1 |     4 |       ||     5
         Short sword       |    10 |     5 |       ||    15
         Dagger            |       |     1 |     3 ||     4
         Punch             |       |       |     1 ||     1
   Cast: Foxfire           |    34 |    64 |   120 ||   218
         Scorch            |       |    15 |    83 ||    98
         Inner Flame       |       |       |     8 ||     8
         Slow              |       |       |     1 ||     1
 Invoke: Curse Item        |       |       |     1 ||     1
    Use: Potion            |       |     1 |     6 ||     7
 Armour: Robe              |       |    11 |    13 ||    24
         Skin              |       |     4 |       ||     4
  Dodge: Dodged            |    14 |    11 |    32 ||    57

Table legend: (Time is in decaauts)
 A = Elapsed time spent in this place.
 B = Non-inter-level travel time spent in this place.
 C = Inter-level travel time spent in this place.
 D = Time resting spent in this place.
 E = Time spent auto-exploring this place.
 F = Levels seen in this place.
 G = Mean time per level.
                   A        B        C        D        E       F      G
               +--------+--------+--------+--------+--------+-----+--------+
         Total |   6018 |   5546 |    472 |    277 |   4431 |   8 |  752.2 |
       Dungeon |   5112 |   4682 |    430 |    127 |   3822 |   6 |  852.0 |
        Temple |    254 |    212 |     42 |      0 |    199 |   1 |  254.0 |
       Ossuary |    651 |    651 |      0 |    150 |    410 |   1 |  651.0 |
               +--------+--------+--------+--------+--------+-----+--------+

Top non-repeatable levels by time:
     D:5: 1299 daAuts
     D:2: 1219 daAuts
     D:1: 1021 daAuts
     D:4: 814 daAuts
     D:3: 663 daAuts
 Ossuary: 651 daAuts
  Temple: 254 daAuts
     D:6: 93 daAuts
